 Seeded DCSS version 0.29.1-15-g9cfb28693d (webtiles) character file.

Game seed: 18288144697269755900 (custom seed)

1516 hbarley the Cleaver (level 8, -12/70 HPs)
             Began as a Hill Orc Fighter on Apr 23, 2023.
             Was an Initiate of Hepliaklqana.
             Killed from afar by a steam dragon (22 damage)
             ... with a ball of steam
             ... on level 6 of the Dungeon on Apr 24, 2023.
             The game lasted 00:23:11 (5591 turns).

hbarley the Cleaver (Hill Orc Fighter)              Turns: 5591, Time: 00:23:12

Health: -12/70     AC: 10    Str: 21    XL:     8   Next: 83%
Magic:  8/8        EV: 15    Int: 13    God:    Hepliaklqana [......]
Gold:   291        SH: 10    Dex: 17    Spells: 7/7 levels left

rFire   . . .      SeeInvis .   q - +8 hand axe of Ezifas {spect, Int+5 Dex+3}
rCold   . . .      Faith    .   c - +0 buckler
rNeg    . . .      Spirit   .   B - +3 leather armour of Analysis {Dex+4}
rPois   .          Reflect  +   (no helmet)
rElec   .          Harm     .   (no cloak)
rCorr   .          Rampage  .   D - +0 pair of gloves
Will    .....                   F - +1 pair of boots
Stlth   +.........              y - amulet of reflection
HPRegen 0.21/turn               E - +4 ring of evasion
MPRegen 0.11/turn               (no ring)

@: no status effects
A: no striking features
a: Renounce Religion


You were on level 6 of the Dungeon.
You worshipped Hepliaklqana.
Hepliaklqana was noncommittal.
You visited 2 branches of the dungeon, and saw 8 of its levels.

You collected 291 gold pieces.

Inventory:

Hand Weapons
 a - a +0 war axe
 q - the +8 hand axe of Ezifas (weapon) {spect, Int+5 Dex+3}
   (You took it off a goblin on level 2 of the Dungeon)

   When its wielder attacks, the weapon's spirit leaps out and strikes again.
   The spirit shares a part of any damage it takes with its wielder.
   Int:       It affects your intelligence (+5).
   Dex:       It affects your dexterity (+3).
Armour
 b - a +0 scale mail
 c - a +0 buckler (worn)
 e - a +0 leather armour
 w - a +2 leather armour of willpower
 B - the +3 leather armour of Analysis (worn) {Dex+4}
   (You found it on level 4 of the Dungeon)

   Dex:       It affects your dexterity (+4).
 D - a +0 pair of gloves (worn)
 F - a +1 pair of boots (worn)
Jewellery
 y - an amulet of reflection (around neck)
 E - a +4 ring of evasion (left hand)
Wands
 G - a wand of light (14)
Scrolls
 f - a scroll of enchant armour {unknown}
 h - 2 scrolls of blinking {unknown}
 j - a scroll of magic mapping {unknown}
 k - 4 scrolls of amnesia {unknown}
 l - 3 scrolls of teleportation {unknown}
 n - 7 scrolls of identify {unknown}
 o - 3 scrolls of fear {unknown}
 t - a scroll of vulnerability {unknown}
 z - 2 scrolls of immolation {unknown}
 A - a scroll of torment {unknown}
 C - a scroll of brand weapon {unknown}
Potions
 d - a potion of might
 g - a potion of berserk rage {unknown}
 i - 7 potions of curing {unknown}
 m - a potion of ambrosia {unknown}
 p - a potion of lignification {unknown}
 r - 3 potions of flight {unknown}
 s - 2 potions of heal wounds {unknown}
 u - 2 potions of attraction {unknown}
 v - 2 potions of mutation {unknown}
 x - a potion of degeneration {unknown}


   Skills:
 + Level 5.8 Fighting
 + Level 10.0 Axes
 + Level 6.7 Armour
 + Level 1.5 Dodging
 + Level 0.5 Stealth
 + Level 4.8 Shields


You had 7 spell levels left.
You didn't know any spells.
Your spell library contained the following spells:

 Spells                   Type           Power      Damage    Failure   Level
 Shock                    Conj/Air       0%         1d3       41%         1
 Slow                     Hex            0%         N/A       41%         1
 Static Discharge         Conj/Air       0%         3-3/arc   56%         2
 Sublimation of Blood     Necr           0%         N/A       56%         2
 Confusing Touch          Hex            0%         N/A       80%         3
 Gell's Gravitas          Tloc           0%         N/A       80%         3
 Swiftness                Air            0%         N/A       80%         3
 Teleport Other           Tloc           0%         N/A       80%         3
 Vampiric Draining        Necr           0%         2d6       80%         3
 Airstrike                Air            0%         2d(0-16)  99%         4
 Dispel Undead            Necr           0%         3d6       99%         4
 Petrify                  Tmut/Erth      0%         N/A       99%         4
 Sticky Flame             Conj/Fire      0%         2d3       99%         4
 Irradiate                Conj/Tmut      0%         3d11      100%        5
 Dispersal                Tloc           0%         N/A       100%        6


Dungeon Overview and Level Annotations

Branches:
Dungeon (7/15)             Temple (1/1) D:5

Altars:
Cheibriados
Dithmenos
Gozag
Hepliaklqana
Kikubaaqudgha
Nemelex Xobeh
Okawaru
Qazlal
Ru
Sif Muna
Trog
Vehumet
Wu Jian
Zin
The Shining One

Annotations:
D:4 3 runed translucent doors, sigtrap's ghost, amateur KoBr
D:6 Sigmund


Message History

You hit the steam dragon.
Your +8 hand axe of Ezifas {spect, Int+5 Dex+3} barely misses the steam dragon.
You are engulfed in a cloud of scalding steam.
Sigmund barely misses you. The steam dragon bites you.
The steam dragon misses you.
You bump into the rock wall.
You are engulfed in a cloud of scalding steam.
Sigmund hits you with a +0 scythe.
The steam dragon bites you but does no damage.
The steam dragon closely misses you.
You feel less confused. The steam dragon bites you. The steam dragon claws you.
You slash the steam dragon!
The steam dragon is moderately wounded.
Your +8 hand axe of Ezifas {spect, Int+5 Dex+3} hits the steam dragon.
You block Sigmund's attack. The steam dragon barely misses you.
The steam dragon claws you but does no damage.
You completely miss the steam dragon.
The steam dragon is heavily wounded.
Your +8 hand axe of Ezifas {spect, Int+5 Dex+3} barely misses the steam dragon.
You slash the steam dragon!
The steam dragon is almost dead.
Your +8 hand axe of Ezifas {spect, Int+5 Dex+3} completely misses the steam dragon.
You are engulfed in a cloud of scalding steam.
* * * LOW HITPOINT WARNING * * *
You block the steam dragon's attack. The steam dragon misses you.
Sigmund hits you from afar with a +0 scythe.
* * * LOW HITPOINT WARNING * * *
You swap places.
The steam dragon bites you but does no damage.
You block the steam dragon's attack. Sigmund gestures at you while chanting.
The puff of flame hits you!
* * * LOW HITPOINT WARNING * * *
The steam dragon attacks as you move away!
The steam dragon closely misses you. x2; Sigmund attacks as you move away!
Sigmund misses you. The steam dragon breathes steam at you.
The ball of steam hits you!!
You die...

#.............#
#.#####.####### #.
##.####### #.
#......... #.
##..######. #.
#.......... #.
#...######..
#.##.###...!.......
#....@§D@..#######.
............/#
######.....###
#######


You could see a steam dragon (catching breath) and Sigmund.

Vanquished Creatures
  Grinder (D:5)
  An ice beast (D:4)
  A sky beast (D:7)
  An ogre (D:4)
  2 centaurs
  A phantom (D:5)
  A bullfrog (D:7)
  A necrophage (D:4)
  A scorpion (D:4)
  An orc priest (D:4)
  A bullfrog zombie (D:5)
  A hound (D:7)
  A scorpion zombie (D:5)
  3 iguanas
  9 orc wizards
  A hound skeleton (D:5)
  3 gnolls (D:7)
  7 adders
  An adder skeleton (D:5)
  A worm (D:5)
  A dart slug (D:2)
  15 orcs
  6 endoplasms
  4 giant cockroaches
  6 goblins
  7 hobgoblins
  3 jackals (D:4)
  6 quokkas
  12 ball pythons
  4 bats
  9 frilled lizards
  14 kobolds
  6 rats
132 creatures vanquished.

Vanquished Creatures (others)
  3 plants
  A withered plant (D:5)
4 creatures vanquished.

Grand Total: 136 creatures vanquished

Notes
Turn   | Place    | Note
-------+----------+-------------------------------------------
     0 | D:1      | hbarley the Hill Orc Fighter began the quest for the Orb.
     0 | D:1      | Reached XP level 1. HP: 19/19 MP: 1/1
   285 | D:1      | Reached XP level 2. HP: 27/27 MP: 2/2
   471 | D:1      | Reached skill level 3 in Axes
   847 | D:1      | Reached XP level 3. HP: 33/33 MP: 3/3
  1646 | D:2      | Reached XP level 4. HP: 28/40 MP: 4/4
  1753 | D:2      | Identified the +8 hand axe of Ezifas {spect, Int+5 Dex+3}
  1894 | D:2      | Reached skill level 4 in Axes
  2687 | D:3      | Reached XP level 5. HP: 46/46 MP: 5/5
  2738 | D:3      | Reached skill level 5 in Axes
  2974 | D:4      | Noticed an ice beast
  2976 | D:4      | Reached XP level 6. HP: 53/53 MP: 6/6
  2977 | D:4      | You fall into a shaft and drop 3 floors!
  2981 | D:7      | Noticed a sky beast
  2989 | D:7      | Killed a sky beast
  2990 | D:7      | Reached skill level 6 in Axes
  3065 | D:7      | Reached XP level 7. HP: 24/60 MP: 7/7
  3070 | D:7      | Reached skill level 5 in Armour
  3073 | D:7      | Reached skill level 7 in Axes
  3528 | D:6      | Reached skill level 5 in Fighting
  3528 | D:6      | Reached skill level 1 in Dodging
  3559 | D:6      | Noticed Sigmund
  3560 | D:6      | Noticed a steam dragon
  3579 | D:5      | Entered Level 5 of the Dungeon
  3660 | D:4      | Reached skill level 8 in Axes
  3681 | D:4      | Reached XP level 8. HP: 57/68 MP: 8/8
  3925 | D:4      | Found a runed translucent gate.
  3929 | D:4      | Found a runed translucent gate.
  3932 | D:4      | Found a runed translucent gate.
  3973 | D:4      | Reached skill level 9 in Axes
  4145 | D:4      | Identified the +3 leather armour of Analysis {Dex+4}
  4229 | D:4      | Noticed sigtrap's ghost (amateur KoBr)
  4686 | D:5      | Noticed Grinder
  4693 | D:5      | Killed Grinder
  4694 | D:5      | Found a sacrificial altar of Ru.
  4836 | D:5      | Reached skill level 10 in Axes
  5003 | D:5      | Found a stormy altar of Qazlal.
  5043 | D:5      | Found a staircase to the Ecumenical Temple.
  5050 | Temple   | Entered the Ecumenical Temple
  5215 | Temple   | Became a worshipper of Hepliaklqana the Forgotten
  5335 | D:5      | Found a glowing silver altar of Zin.
  5591 | D:6      | Killed from afar by a steam dragon

Illustrated notes

Levels and vault maps discovered:
D:1:      minmay_arrival_split_and_join, layout_loops_corners,
          minmay_misc_feat_columns, kennysheep_another_room,
          hangedman_decor_push, moated_statue
D:2:      layout_loops_ring, serial_park_tiny_1, lexackson_kobold_supper
D:3:      layout_rooms
D:4:      layout_loops_ring, gammafunk_ghost_necromancy,
          chequers_serial_rivers_micro_b
D:5:      layout_loops_ring, nicolae_ru_awakened_eye, zin_treasury,
          mainiacjoe_overflow_cross_hatched, minmay_temple_entry_trees,
          serial_undead, serial_undead_f, serial_undead_c, serial_undead_c,
          serial_undead_e, serial_bayou_ford_a, minmay_liquid_box, uniq_grinder
D:6:      layout_loops_ring, uniq_sigmund
D:7:      layout_loops_ring, old_standard_altar, serial_shops,
          nicolae_shop_trees, lightli_church_of_beogh
Temple:   hellmonk_temple_flake

Skill      XL: |  1  2  3  4  5  6  7  8 |
---------------+-------------------------+-----
Axes           | 3 4 5 6 8 10 | 10.0
Fighting       | 4 5 |  5.8
Armour         | 4 6 |  6.7
Shields        | 4 |  4.8
Dodging        | 1 |  1.5
Stealth        | |  0.5

Action                   |  1- 3 |  4- 6 |  7- 9 || total
-------------------------+-------+-------+-------++-------
Melee: War axe           |    94 |     6 |       ||   100
       Hand axe          |       |    78 |    96 ||   174
Armor: Scale mail        |    54 |    22 |    17 ||    93
       Leather armour    |       |       |     8 ||     8
Dodge: Dodged            |    52 |    24 |    41 ||   117
Block: Buckler           |    18 |    21 |    20 ||    59
       Reflection        |       |       |     1 ||     1
